Map: Estaleiro Orbital

Players

TheZergLord - Winner!

  • Race: Zerg Zerg
  • League: Master

llllllllllll

  • Race: Terran Terran
  • League: Master

VOD

Have the link to the VOD?

Description

Time

  • Played on: Feb. 25, 2016, 7:39 a.m.
  • Length: 13:46
Show
View Real Time Build Order
Export as new Build Order

TheZergLord Zerg - Winner!

Build Orders: Hatch First, Muta Ling Bane 

Get SALT Encoding   

  12  0:01  Drone  
  13  0:14  Overlord  
  13  0:18  Drone  
  14  0:34  Drone x2  
  16  0:38  Drone  
  17  0:55  Hatchery  
  17  0:57  Drone  
  17  1:10  Spawning Pool  
  16  1:12  Drone  
  16  1:15  Extractor  
  16  1:18  Drone  
  17  1:21  Drone  
  18  1:31  Drone  
  19  1:41  Overlord  
  19  1:56  Queen  
  19  1:57  Zergling x2  
  22  2:04  Zergling x2  
  22  2:07  Queen  
  22  2:08  Zergling x2  
  26  2:13  Drone  
  27  2:17  Metabolic Boost  
  27  2:22  Drone  
  28  2:35  Drone x2  
  30  2:43  Queen  
  32  2:56  Hatchery  
  32  2:58  Overlord  
  31  3:00  Drone x2  
  31  3:01  Drone  
  31  3:02  Drone  
  36  3:05  Drone  
  36  3:16  Overlord  
  36  3:18  Drone x2  
  36  3:19  Drone  
  39  3:20  Drone  
  39  3:24  Drone x2  
  42  3:27  Drone  
  42  3:30  Drone  
  44  3:38  Drone  
  44  3:39  Queen  
  44  3:40  Queen  
  49  3:53  Overlord x2  
  49  3:54  Drone  
  49  3:55  Drone x2  
  52  4:03  Spine Crawler  
  52  4:05  Drone  
  52  4:09  Queen  
  54  4:17  Zergling x8  
  54  4:18  Zergling x4  
  54  4:20  Lair  
  54  4:22  Queen  
  62  4:31  Overlord  
  62  4:32  Drone x4  
  66  4:45  Overlord  
  66  4:52  Drone x2  
  68  4:53  Zergling x4  
  68  4:54  Zergling x8  
  68  4:56  Overlord x3  
  74  5:06  Overlord  
  74  5:10  Zergling x8  
  78  5:26  Drone x7  
  78  5:27  Evolution Chamber x2  
  83  5:40  Drone  
  83  5:41  Drone  
  85  5:44  Zergling x10  
  85  5:45  Zergling x4  
  84  6:12  Drone x2  
  84  6:14  Zerg Melee Weapons Level 1, Zerg Ground Armor Level 1  
  84  6:17  Drone  
  87  6:18  Zergling x2  
  87  6:19  Baneling Nest, Zergling x18  
  87  6:24  Queen  
  97  6:42  Extractor, Zergling x14  
  97  6:43  Extractor  
  97  6:46  Hatchery  
  101  6:49  Overseer  
  101  6:59  Zergling x12  
  101  7:00  Zergling x2  
  108  7:05  Baneling  
  108  7:06  Baneling x2  
  108  7:10  Drone  
  108  7:11  Drone x5  
  114  7:22  Extractor  
  113  7:23  Extractor  
  113  7:25  Extractor  
  96  7:40  Zergling x2  
  96  7:41  Zergling x20  
  105  7:47  Overlord  
  105  7:48  Overlord x3  
  105  7:50  Hatchery  
  99  8:03  Drone x2, Spire  
  99  8:04  Drone x2  
  101  8:07  Drone x3  
  104  8:14  Queen  
  104  8:15  Centrifical Hooks  
  106  8:20  Drone x2  
  106  8:21  Drone x2  
  106  8:22  Zerg Ground Armor Level 2  
  106  8:25  Zergling x8  
  114  8:29  Zergling x6  
  117  8:45  Pneumatized Carapace  
  117  8:47  Drone  
  117  8:48  Zerg Melee Weapons Level 2, Overlord  
  118  8:50  Baneling x7  
  118  8:51  Baneling  
  117  9:16  Mutalisk  
  117  9:17  Mutalisk x3  
  117  9:23  Zergling x2  
  126  9:25  Drone x13  
  126  9:26  Zergling x6  
  126  9:27  Zergling x14  
  146  9:40  Mutalisk x2  
  146  9:42  Overlord x2  
  146  9:43  Overlord  
  150  9:47  Infestation Pit  
  150  9:49  Baneling x7  
  149  9:54  Extractor x2  
  147  10:06  Zergling x10  
  147  10:07  Zergling x26  
  162  10:09  Baneling  
  162  10:10  Overseer, Baneling x3  
  163  10:15  Zergling x2  
  163  10:16  Zergling x8  
  149  10:28  Zergling x2  
  149  10:29  Zergling x12  
  131  10:39  Mutalisk x3  
  128  10:49  Mutalisk x3  
  122  10:50  Mutalisk x2  
  122  10:54  Zergling x4  
  122  10:55  Zergling x4  
  135  11:01  Zergling x8  
  136  11:15  Zergling x6  
  136  11:16  Zergling x20  
  138  11:20  Hive  
  129  11:49  Zergling x8  
  129  11:50  Zergling x48  
  129  11:52  Baneling  
  129  11:53  Baneling x13  
  157  11:58  Hatchery  
  156  12:16  Mutalisk x5  
  156  12:19  Zergling x16  
  156  12:21  Overlord x2  
  156  12:22  Overlord x3  
  174  12:31  Baneling  
  174  12:32  Baneling x18  
  138  13:03  Zergling x16  
  138  13:04  Zergling x26  
  138  13:05  Zergling x2  
  138  13:26  Ultralisk Cavern  
Show
View Real Time Build Order
Export as new Build Order

llllllllllll Terran 

Build Orders: Reaper Expand, MMM Bio 

Get SALT Encoding   

  12  0:00  SCV  
  13  0:13  SCV  
  14  0:18  Supply Depot  
  14  0:25  SCV  
  15  0:40  SCV, Barracks  
  16  0:45  Refinery  
  16  0:52  SCV  
  18  1:04  SCV  
  18  1:16  SCV  
  19  1:28  Orbital Command  
  19  1:30  Reaper  
  20  1:43  Command Center  
  20  1:50  Barracks  
  20  1:54  SCV  
  21  2:02  Barracks Reactor  
  21  2:04  Supply Depot  
  21  2:07  SCV  
  22  2:18  Refinery  
  22  2:19  SCV  
  23  2:32  Factory  
  23  2:41  SCV  
  23  2:44  Barracks Tech Lab, Marine  
  24  2:45  Marine  
  26  2:57  Orbital Command, SCV  
  27  3:01  Marine  
  27  3:02  Marine  
  27  3:03  Marine  
  30  3:14  SCV  
  30  3:15  Stimpack  
  31  3:28  Hellion  
  31  3:29  Hellion  
  31  3:31  SCV  
  31  3:33  Barracks Reactor  
  36  3:35  SCV  
  36  3:37  Supply Depot  
  37  3:43  SCV, Starport  
  37  3:44  Marine  
  37  3:47  SCV  
  40  3:51  Hellion x2  
  40  3:55  SCV  
  45  3:59  Supply Depot  
  45  4:01  SCV  
  45  4:02  Marine  
  47  4:08  SCV  
  48  4:14  SCV  
  48  4:16  Marine x2  
  51  4:19  Marine  
  51  4:22  SCV  
  53  4:26  Supply Depot  
  53  4:27  Medivac  
  53  4:28  Medivac  
  53  4:30  Factory Reactor  
  57  4:31  SCV  
  57  4:34  Marine x2  
  57  4:37  Marine  
  61  4:39  SCV  
  62  4:47  SCV  
  62  4:51  Command Center  
  63  4:55  Refinery  
  63  4:56  Refinery  
  63  4:58  Engineering Bay, SCV  
  63  4:59  Engineering Bay  
  64  5:14  SCV, Barracks  
  64  5:15  SCV, Barracks  
  64  5:17  Factory Reactor  
  65  5:23  Supply Depot  
  65  5:24  Supply Depot  
  65  5:25  Combat Shields  
  65  5:30  Marine x2  
  65  5:31  Marine  
  68  5:36  Terran Infantry Weapons Level 1  
  68  5:39  Terran Infantry Armor Level 1  
  68  5:40  SCV  
  68  5:41  SCV  
  70  5:48  Marine x2  
  69  6:00  SCV  
  69  6:01  SCV  
  71  6:05  Barracks  
  71  6:09  Orbital Command  
  71  6:10  Factory Reactor, Barracks  
  71  6:13  SCV x2  
  71  6:17  Armory  
  73  6:19  Supply Depot  
  73  6:23  Marauder, Marine x2  
  77  6:29  Liberator  
  77  6:31  SCV x2  
  79  6:33  Orbital Command  
  79  6:47  Medivac  
  84  6:50  Concussive Shells  
  84  6:51  Marauder, Marine x3  
  84  6:52  Barracks Reactor  
  89  6:55  SCV  
  89  6:59  SCV x2  
  92  7:03  Barracks Tech Lab  
  92  7:07  SCV  
  93  7:09  Marine x2  
  93  7:12  Marauder  
  93  7:14  SCV  
  98  7:16  Supply Depot  
  98  7:17  Medivac  
  98  7:18  Supply Depot  
  98  7:20  Supply Depot, Marine  
  98  7:21  SCV  
  98  7:22  SCV  
  103  7:29  Medivac, Marine x2  
  106  7:30  Marauder  
  106  7:31  Marine x2  
  106  7:33  Marine x2  
  106  7:34  Marauder, Marine  
  100  7:38  Marine  
  93  7:46  Orbital Command  
  93  7:47  Marine x2  
  93  7:49  Marine x2  
  93  7:50  Marine x2  
  93  7:51  Marine  
  95  7:52  Marine  
  95  7:57  Marine  
  95  7:58  Widow Mine x2, Marine  
  99  7:59  Medivac  
  99  8:05  Marine  
  106  8:08  Marine x3  
  109  8:13  Terran Infantry Weapons Level 2  
  109  8:16  Terran Infantry Armor Level 2  
  109  8:28  Marine x2  
  109  8:32  SCV x3  
  114  8:38  Marauder x2  
  118  8:44  SCV  
  118  8:47  SCV x2  
  121  8:53  Marine x2  
  121  8:55  Medivac x2  
  127  8:58  Supply Depot  
  127  8:59  Supply Depot, Marauder  
  127  9:02  SCV x2  
  131  9:18  SCV x2  
  131  9:19  Supply Depot  
  131  9:20  Marauder, Marine  
  136  9:27  Supply Depot, Missile Turret  
  136  9:28  Marine x3  
  136  9:29  Supply Depot  
  136  9:30  Medivac x2  
  143  9:31  Marine x2  
  143  9:32  Marauder  
  144  9:48  Marine x4  
  144  9:49  Marauder, Widow Mine x2, Marine  
  155  9:55  Marine x3  
  155  9:56  Factory  
  158  10:03  Marine  
  159  10:11  Marauder  
  161  10:21  Marine x2  
  161  10:22  Marauder  
  123  10:37  Marine x5  
  123  10:38  Marauder  
  115  10:43  Marauder  
  101  10:57  Marine x8  
  101  10:58  Widow Mine x2  
  101  10:59  Marauder, Medivac x2  
  114  11:04  Terran Infantry Armor Level 3, Marine, Terran Infantry Weapons Level 3  
  110  11:15  Marine x8  
  110  11:16  Factory Tech Lab  
  99  11:20  Marine  
  99  11:22  Marine  
  94  11:39  Marine x3  
  97  11:40  Marauder, Marine  
  97  11:41  Drilling Claws  
  97  11:42  Marine x4  
  97  11:43  Marauder  
  97  11:45  SCV  
  107  11:47  SCV  
  108  11:55  Widow Mine x3  
  108  11:57  Marine x2  
  108  11:59  Marine  
  113  12:01  Marauder  
  113  12:03  Marine x2  
  113  12:04  Marauder  
  113  12:05  Marine x2  
  121  12:11  Medivac x2  
  121  12:12  Marine  
  121  12:15  Marine x2  
  126  12:17  Marine  
  126  12:21  Marine x2  
  131  12:23  Marauder  
  133  12:31  Marine x2  
  133  12:32  Marauder, Marine  
  133  12:35  Marine x2  
  142  12:44  Marauder  
  142  12:49  Marine x4  
  130  12:52  Marine x2  
  130  12:56  Marine  
  114  13:00  Marine  
  84  13:07  Marine x4  
  84  13:11  Marine x2  
  76  13:13  Marine  
  76  13:18  Marine  
  77  13:24  Marine  
  77  13:25  Marine x3  
Tags
 
Add a new tag
Caveats
  • Supply blocks, unpowered buildings, or Contaminate may cause inaccurate times.
  • Supply counts are checked every 10 seconds.